 Dungeon Crawl Stone Soup version 0.27.1-4-g1640c2035a (webtiles) character file.

Game seed: 14736662850430319744

24 zeram the Sneak (level 3, 0/21 HPs)
             Began as an Octopode Enchanter on Nov 13, 2021.
             Slain by a ball python (2 damage)
             ... on level 1 of the Dungeon.
             The game lasted 00:01:23 (738 turns).

zeram the Sneak (Octopode Enchanter)                 Turns: 738, Time: 00:01:24

Health: 0/21       AC:  1    Str:  7    XL:     3   Next: 2%
Magic:  4/6        EV: 13    Int: 18    God:
Gold:   15         SH:  0    Dex: 12    Spells: 3/6 levels left

rFire    . . .     SeeInvis .   a - +1 dagger
rCold    . . .     Faith    .   (no shield)
rNeg     . . .     Spirit   .   (helmet restricted)
rPois    +         Reflect  .   (no amulet)
rElec    .         Harm     .   c - ring of poison resistance
rCorr    .         Rampage  .   (no ring)
Will     .....                  (no ring)
Stlth    ++++......             (no ring)
HPRegen  0.07/turn              (no ring)
MPRegen  0.10/turn              (no ring)
                                (no ring)
                                (no ring)

@: no status effects
A: almost no armour, amphibious, 8 rings, camouflage 1, gelatinous body 1,
(nimble swimmer 1), tentacles
a: no special abilities


You were on level 1 of the Dungeon.
You visited 1 branch of the dungeon, and saw 1 of its levels.

You collected 15 gold pieces.

Inventory:

Hand Weapons
 a - a +1 dagger (weapon)
Jewellery
 c - a ring of poison resistance (left tentacle)
Scrolls
 d - a scroll of identify {unknown}
Potions
 b - a potion of mutation {unknown}


   Skills:
 + Level 1.3 Short Blades
 + Level 2.3 Dodging
 + Level 5.1 Stealth
 - Level 2.0 Spellcasting
 - Level 3.0 Hexes


You had 3 spell levels left.
You knew the following spells:

 Your Spells              Type           Power      Damage    Failure   Level
a - Corona                Hex            13%        N/A       5%          1
b - Ensorcelled Hibernat  Hex/Ice        14%        N/A       14%         2

Your spell library contained the following spells:

 Spells                   Type           Power      Damage    Failure   Level
 Confusing Touch          Hex            12%        N/A       16%         3
 Tukima's Dance           Hex            12%        N/A       16%         3
 Dazzling Flash           Conj/Hex       14%        N/A       28%         3


Dungeon Overview and Level Annotations

Branches:
Dungeon (1/15)

Altars:


Innate Abilities, Weirdness & Mutations

You cannot wear most types of armour.
You are amphibious.
You can wear up to eight rings at the same time.
Your skin changes colour to match your surroundings (Stealth+).
Your rubbery body absorbs attacks. (AC +1, EV +1)
((You are camouflaged near water. (Stealth+)))
You have tentacles for arms and can constrict up to eight enemies at once.


Message History

You constrict the hobgoblin, but do no damage.
You constrict the ball python. The hobgoblin closely misses you.
The ball python closely misses you. The ball python constricts you.
You escape the ball python's grasp.
You release your grip on the hobgoblin.
You release your grip on the ball python.
You hit the hobgoblin but do no damage. Your grab misses the hobgoblin.
The hobgoblin is moderately wounded.
The hobgoblin closely misses you.
You hit the hobgoblin. You grab the hobgoblin.
The hobgoblin is heavily wounded.
You constrict the hobgoblin, but do no damage.
The hobgoblin closely misses you.
You hit the hobgoblin.
The hobgoblin is severely wounded.
You constrict the hobgoblin, but do no damage.
The hobgoblin hits you.
* * * LOW HITPOINT WARNING * * *
You hit the hobgoblin.
The hobgoblin is almost dead.
You constrict the hobgoblin, but do no damage.
The hobgoblin closely misses you.
You barely miss the hobgoblin.
The hobgoblin is almost dead.
You constrict the hobgoblin, but do no damage.
The hobgoblin hits you.
* * * LOW HITPOINT WARNING * * *
You hit the hobgoblin.
You kill the hobgoblin!
You have reached level 3!
Your experience leads to an increase in your attributes!
Increase (S)trength, (I)ntelligence, or (D)exterity?
You feel clever.
Okay, then.
Cast which spell? (? or * to list)
Aiming: Ensorcelled Hibernation (safe; 14% risk of failure)
Press: ? - help, Shift-Dir - straight line, f - ball python
Aim: a ball python (chance to affect: 56%)
The ball python resists with significant effort.
The ball python bites you.
You die...

### ##.## .#
##...##############
....#._...#...##.......
..................#
###.###.###...##..# #
#.# ######..#### . #.#
#.....# # ##'## #@###.#
# ##...## #S# # #
##.....## #......# #
##.......## #........
###.........# #...#..##
..'.........+ ..... .#
###....[....# ....## #
# ##..)....## .#.## #
##.....## #. ..


You could see a ball python.

Vanquished Creatures
  2 dart slugs (D:1)
  A ball python (D:1)
  An endoplasm (D:1)
  A giant cockroach (D:1)
  A goblin (D:1)
  4 hobgoblins (D:1)
  A kobold (D:1)
  A quokka (D:1)
  4 bats (D:1)
  3 rats (D:1)
19 creatures vanquished.

Notes
Turn   | Place    | Note
-------+----------+-------------------------------------------
     0 | D:1      | zeram the Octopode Enchanter began the quest for the Orb.
     0 | D:1      | Reached XP level 1. HP: 11/11 MP: 3/3
   199 | D:1      | Reached XP level 2. HP: 15/17 MP: 5/5
   365 | D:1      | Learned a level 2 spell: Ensorcelled Hibernation
   668 | D:1      | Reached skill level 5 in Stealth
   707 | D:1      | Found a faded altar of an unknown god.
   738 | D:1      | Reached XP level 3. HP: 2/21 MP: 6/6
   738 | D:1      | Slain by a ball python

Illustrated notes

Levels and vault maps discovered:
D:1:      minmay_arrival_solitary_statue, layout_loops_corners,
          basic_ecumenical_altar

Skill      XL: |  1  2 |
---------------+-------+-----
Stealth        | 5 |  5.1
Short Blades   | |  1.3
Dodging        | |  2.3
Spellcasting   | |  2.0
Hexes          | |  3.0

Action                   || total
-------------------------++-------
Melee: Dagger            ||    33
       Constrict         ||     8
       Tentacles         ||     4
 Cast: Ensorcelled Hiber ||     1
  Use: Scroll            ||     1
 Stab: Sleeping          ||    12
Armor: Skin              ||     1
Dodge: Dodged            ||    14
